 Dungeon Crawl Stone Soup version 0.18-a0-1702-gd20c6a5 (webtiles) character file.

29 Chiseanne the Insei (level 3, 20/29 HPs)
             Began as a Demonspawn Monk on Apr 7, 2016.
             Quit the game on level 1 of the Dungeon.
             The game lasted 00:03:05 (1148 turns).

Chiseanne the Insei (Demonspawn Monk)               Turns: 1148, Time: 00:03:07

Health: 20/29      AC:  4    Str: 12    XL:     3   Next: 1%
Magic:  3/3        EV: 13    Int: 11    God:
Gold:   54         SH:  0    Dex: 15    Spells: 0 memorised, 2 levels left

rFire  . . .     SeeInvis .       - Unarmed
rCold  . . .     Gourm    .     d - +0 leather armour
rNeg   . . .     Faith    .     (no shield)
rPois  .         Spirit   .     (no helmet)
rElec  .         Dismiss  .     (no cloak)
rCorr  .         Reflect  .     a - +0 pair of gloves
SustAt .         Harm     .     (no boots)
MR     .....                    (no amulet)
Stlth  ++........               (no ring)
                                (no ring)

@: not resistant to hostile enchantments, unstealthy
A: hooves 1, demonic guardian 1
a: no special abilities


You were on level 1 of the Dungeon.
You were hungry.

You visited 1 branch of the dungeon, and saw 1 of its levels.

You collected 54 gold pieces.

Inventory:

Hand Weapons
 h - a cursed -3 club
Armour
 a - a +0 pair of gloves (worn)
 d - a +0 leather armour (worn)
Jewellery
 k - an uncursed ring of magical power {unknown}
Scrolls
 e - a scroll of teleportation
Potions
 c - 4 potions of haste
Comestibles
 b - a bread ration
 g - 2 meat rations
 i - 2 fruits


   Skills:
 * Level 3.3 Fighting
 * Level 0.3 Armour
 * Level 3.4 Dodging
 - Level 1.7 Stealth
 - Level 3.6 Unarmed Combat


You had 2 spell levels left.
You didn't know any spells.

Dungeon Overview and Level Annotations

Branches:
Dungeon (1/15)

Altars:


Innate Abilities, Weirdness & Mutations

You have large cloven feet.
A weak demonic guardian rushes to your aid.


Message History

The jackal is almost dead.
The kobold barely misses you. The jackal barely misses you.
You barely miss the jackal. Your kick misses the jackal.
The jackal is almost dead.
The jackal closely misses you. The kobold misses you.
You barely miss the jackal.
The jackal is almost dead.
The jackal completely misses you. The kobold hits you but does no damage.
You hit the jackal.
You kill the jackal!
The kobold closely misses you.
You closely miss the kobold. The kobold misses you.
You hit the kobold.
You kill the kobold!
You have reached level 3!
Your experience leads to an increase in your attributes!
Increase (S)trength, (I)ntelligence, or (D)exterity?
You feel stronger.
Your demonic ancestry asserts itself...
You feel the presence of a demonic guardian.
Are you sure you want to abandon this character and quit the game? (Confirm with "yes".)

#####.## #........ #......# .#
#.######. #......# #.# #.# #.
###......#######.# ###'######.
#................# #.......##.
#................# #...>...#..
#................# #.......#..
#................# #.......#..
####...........†@...# #.......'..
...'.?..............###.......###
.###.............................
[.......##.........##############
...######..........# #.. .......
#..........# #.#
.......##..........# #.#
.......##..........# #.#
.......##..........# #.#


There were no monsters in sight!

Vanquished Creatures
  A dart slug (D:1)
  2 giant geckos (D:1)
  A ball python (D:1)
  A giant cockroach (D:1)
  2 goblins (D:1)
  3 hobgoblins (D:1)
  A jackal (D:1)
  3 kobolds (D:1)
  3 bats (D:1)
  3 giant newts (D:1)
  4 rats (D:1)
24 creatures vanquished.

Notes
Turn   | Place    | Note
--------------------------------------------------------------
     0 | D:1      | Chiseanne the Demonspawn Monk began the quest for the Orb.
     0 | D:1      | Reached XP level 1. HP: 18/18 MP: 1/1
   261 | D:1      | Gained mutation: You have large cloven feet. [demonic ancestry]
   261 | D:1      | Reached XP level 2. HP: 14/24 MP: 2/2
  1147 | D:1      | Gained mutation: A weak demonic guardian rushes to your aid. [demonic ancestry]
  1147 | D:1      | Reached XP level 3. HP: 19/29 MP: 3/3
  1148 | D:1      | Quit the game

Vault maps used:
D:1:      scummos_arrival_star

Skill      XL: |  1 |
---------------+----+-----
Dodging        | 3 |  3.4
Fighting       | |  3.3
Armour         | |  0.3
Stealth        | |  1.7
Unarmed Combat | |  3.6

Action                   || total
-------------------------++-------
Melee: Unarmed           ||   104
  Use: Scroll            ||     5
 Stab: Sleeping          ||     1
